 Dungeon Crawl Stone Soup version 0.17-a0-1435-geafbe2f (webtiles) character file.

545 nubinia the Sneak (level 7, -6/42 HPs)
             Began as an Octopode Wizard on June 27, 2015.
             Mangled by a gnoll sergeant
             ... wielding a +0 trident
              (14 damage)
             ... on level 5 of the Dungeon.
             The game lasted 00:30:50 (6323 turns).

nubinia the Sneak (Octopode Wizard)                 Turns: 6323, Time: 00:30:51

Health: -6/42      AC:  1    Str:  6    XL:     7   Next: 27%
Magic:  4/14       EV: 12    Int: 27    God:
Gold:   205        SH:  0    Dex: 11    Spells: 4 memorised, 6 levels left

rFire  + . .     SeeInvis .     a - +0 short sword
rCold  + . .     Clarity  .     (no shield)
rNeg   . . .     SustAt   .     h - +0 hat
rPois  +         Gourm    .     (no amulet)
rElec  +         Spirit   .     (no ring)
rCorr  +         Warding  .     (no ring)
rMut   .         Stasis   .     (no ring)
MR     .....                    (no ring)
Stlth  ++++......               (no ring)
                                (no ring)
                                (no ring)
                                (no ring)

@: brilliant, resistant, slowed, repel missiles, very slow, not resistant to
hostile enchantments, stealthy
A: almost no armour, amphibious, 8 rings, constrict 8, camouflage 1, gelatinous
body 1
a: no special abilities


You were on level 5 of the Dungeon.
You were not hungry.

You visited 1 branch of the dungeon, and saw 5 of its levels.

You collected 205 gold pieces.

Inventory:

Hand weapons
 a - a +0 short sword (weapon)
 b - a +0 blowgun
Missiles
 r - 30 poisoned needles
Armour
 h - a +0 hat (worn)
Magical devices
 p - a wand of teleportation (3)
Scrolls
 f - 3 scrolls of remove curse
 i - a scroll of enchant armour {unknown}
 l - a scroll of immolation {unknown}
 u - a scroll of teleportation {unknown}
 x - a scroll of recharging {unknown}
Potions
 o - a potion of might {unknown}
 t - a potion of degeneration {unknown}
 v - a potion of poison
Books
 s - a book of Minor Magic

   Spells                             Type                      Level
   a - Magic Dart                     Conjuration                  1
   b - Blink                          Translocation                2
   c - Call Imp                       Summoning                    2
   d - Repel Missiles                 Charms/Air                   2
   e - Slow                           Hexes                        2
   f - Conjure Flame                  Conjuration/Fire             3
   g - Mephitic Cloud                 Conjuration/Poison/Air       3
Comestibles
 c - 2 bread rations
 q - a royal jelly
 z - 3 fruits


   Skills:
 + Level 0.8 Fighting
 + Level 0.2 Short Blades
 + Level 1.1 Throwing
 + Level 2.8 Dodging
 + Level 4.9 Stealth
 + Level 4.8 Spellcasting
 + Level 3.1 Conjurations
   Level 1.0 Summonings
   Level 1.0 Translocations
 + Level 0.2 Fire Magic
 + Level 1.1 Air Magic
 + Level 3.4 Poison Magic


You had 6 spell levels left.
You knew the following spells:

 Your Spells              Type           Power        Failure   Level  Hunger
a - Magic Dart            Conj           ####         1%          1    None
b - Conjure Flame         Conj/Fire      ####....     1%          3    #......
c - Mephitic Cloud        Conj/Pois/Air  #####...     1%          3    #......
r - Repel Missiles        Chrm/Air       ####..       1%          2    None


Dungeon Overview and Level Annotations

Branches:
Dungeon (5/15)
 Temple: D:4-7

Altars:
Ashenzari
Gozag
Kikubaaqudgha
Makhleb
Nemelex Xobeh
Okawaru
Trog
The Shining One

Shops:
D:5 :

Annotations:
D:3 Ijyb


Innate Abilities, Weirdness & Mutations

You cannot wear most types of armour.
You are amphibious.
You can wear up to eight rings at the same time.
You can use your tentacles to constrict eight enemies at once.
Your skin changes colour to match your surroundings (Stealth).
Your rubbery body absorbs attacks (AC +1).


Message History

The wight is moderately damaged.
The wight hits you but does no damage.
The gnoll sergeant hits you but does no damage.
The deep elf fighter hits you but does no damage.
The wight hits you but does no damage.
The gnoll sergeant hits you but does no damage.
You hit the wight but do no damage.
The wight is moderately damaged.
You feel less woody.
Your +0 hat unmelds from your body.
The wight hits you with a long sword.
* * * LOW HITPOINT WARNING * * *
The gnoll sergeant hits you from afar with a trident.
* * * LOW HITPOINT WARNING * * *
You barely miss the wight. Your grab misses the wight.
The wight is moderately damaged.
The deep elf fighter is no longer unusually agile.
The deep elf fighter seems less confused.
The wight barely misses you.
The gnoll sergeant hits you from afar with a trident!
You die...

#..#... ..
#..#..## ..#
##..[..#^#..#
.
......###..#
..
..).....l.#
...#####
#§§.§....
........
#.§..g##
._....[a
#§§@...#
..._.z?<
##§.z......
........
#§§§......a
.8.._.##
#.e........
......
#..e.......
.{...
#.........[
._.(.
...........
.(.#
...#########
###


You could see 2 deep elf fighters, a gnoll sergeant, a worker ant (confused), a
wight and a giant gecko (confused).

Vanquished Creatures
  A deep elf fighter (D:5)
  2 ogres (D:4)
  A scorpion (D:5)
  A worker ant (D:4)
  A centaur skeleton (D:4)
  2 hounds
  A gnoll (D:2)
  6 adders
  An ooze (D:1)
  A worm (D:3)
  5 giant geckos
  2 orcs (D:3)
  2 ball pythons
  7 bats
  11 hobgoblins
  5 jackals (D:1)
  A quokka (D:3)
  5 giant cockroaches
  2 giant newts (D:1)
  7 goblins
  10 kobolds
  A quokka zombie (D:5)
  6 rats
81 creatures vanquished.

Notes
Turn   | Place    | Note
--------------------------------------------------------------
     0 | D:1      | nubinia the Octopode Wizard began the quest for the Orb.
     0 | D:1      | Reached XP level 1. HP: 11/11 MP: 4/4
     0 | D:1      | Noticed an octopode
     2 | D:1      | Noticed a draconian
     2 | D:1      | Noticed a gargoyle
     4 | D:1      | Noticed a vampire
     5 | D:1      | Noticed a vampire
     6 | D:1      | Noticed a felid
     8 | D:1      | Noticed a minotaur
    10 | D:1      | Noticed a minotaur
    10 | D:1      | Noticed a formicid
    12 | D:1      | Noticed a vampire
    14 | D:1      | Noticed a formicid
    14 | D:1      | Noticed a minotaur
    16 | D:1      | Noticed a vampire
    16 | D:1      | Noticed a ghoul
    16 | D:1      | Noticed a centaur
    18 | D:1      | Noticed an ogre
   302 | D:1      | Reached XP level 2. HP: 17/17 MP: 1/6
   350 | D:1      | Learned a level 2 spell: Repel Missiles
   940 | D:1      | Reached XP level 3. HP: 21/21 MP: 5/8
   945 | D:1      | Learned a level 3 spell: Mephitic Cloud
   949 | D:1      | Learned a level 3 spell: Conjure Flame
  1351 | D:2      | Found an ancient bone altar of Kikubaaqudgha.
  1856 | D:2      | Found a glowing golden altar of the Shining One.
  2528 | D:3      | Reached skill level 4 in Spellcasting
  3128 | D:2      | Reached XP level 4. HP: 27/27 MP: 3/10
  3511 | D:2      | Reached skill level 1 in Poison Magic
  3835 | D:3      | Noticed Ijyb
  3995 | D:3      | Reached XP level 5. HP: 31/31 MP: 6/11
  4040 | D:3      | Found a burning altar of Makhleb.
  4636 | D:4      | Noticed a phantom
  4792 | D:4      | Noticed an ogre
  4842 | D:4      | Killed an ogre
  4842 | D:4      | Reached skill level 1 in Air Magic
  4842 | D:4      | Reached XP level 6. HP: 36/36 MP: 2/12
  5031 | D:4      | Found an iron altar of Okawaru.
  5533 | D:4      | Noticed an ogre
  5652 | D:4      | Killed an ogre
  6019 | D:5      | Entered Level 5 of the Dungeon
  6019 | D:5      | Found Doriaveaf's Book Shoppe.
  6185 | D:5      | Found a sparkling altar of Nemelex Xobeh.
  6185 | D:5      | Found a shattered altar of Ashenzari.
  6185 | D:5      | Found a bloodstained altar of Trog.
  6185 | D:5      | Found an opulent altar of Gozag.
  6194 | D:5      | Reached skill level 1 in Throwing
  6194 | D:5      | Reached XP level 7. HP: 40/42 MP: 9/14
  6296 | D:5      | Found a burning altar of Makhleb.
  6296 | D:5      | Noticed a deep elf fighter
  6296 | D:5      | Noticed a deep elf fighter
  6296 | D:5      | Noticed a deep elf fighter
  6314 | D:5      | Killed a deep elf fighter
  6323 | D:5      | Mangled by a gnoll sergeant

Vault maps used:
D:1:      shiori_arrival_whats_in_store_for_you
D:2:      tso_oasis_becter, overflow_temple_1_default, roderic_lattice_a,
          hangedman_glass_teeth
D:3:      first_bread, makhleb_heckhound_becter, uniq_iyjb
D:4:      okawaru_gym_becter
D:5:      grunt_temple_overflow_open, serial_shops, nicolae_shop_behind_doors,
          shop, nicolae_shop_behind_doors, sword_in_stone

Action                   |  1- 3 |  4- 6 |  7- 9 || total
-------------------------+-------+-------+-------++-------
Melee: Unarmed           |    16 |       |       ||    16
       Short sword       |    34 |    30 |    20 ||    84
 Fire: Blowgun           |       |    17 |     4 ||    21
 Cast: Magic Dart        |    85 |    85 |     6 ||   176
       Repel Missiles    |     1 |       |       ||     1
       Mephitic Cloud    |       |     8 |     6 ||    14
       Conjure Flame     |       |     1 |       ||     1
  Use: Scroll            |     3 |     2 |     1 ||     6
       Potion            |       |     1 |     5 ||     6
 Stab: Sleeping          |     5 |     4 |       ||     9
       Confused          |       |     2 |     1 ||     3
       Distracted        |       |     1 |     1 ||     2
  Eat: Chunk             |     3 |     9 |     1 ||    13
       Bread ration      |     1 |       |       ||     1
